 Dungeon Crawl Stone Soup version 0.17.0-1-g61d176b (webtiles) character file.

131 oplop the Gusty (level 5, -1/28 HPs)
             Began as a Tengu Air Elementalist on Nov 7, 2015.
             Killed themself with a bounced zap (4 damage)
             ... on level 3 of the Dungeon.
             The game lasted 00:04:35 (1786 turns).

oplop the Gusty (Tengu Air Elementalist)            Turns: 1786, Time: 00:04:35

Health: -1/28      AC:  4    Str:  9      XL:     5   Next: 14%
Magic:  0/10       EV: 12    Int: 16      God:
Gold:   135        SH:  0    Dex: 10 (14) Spells: 1 memorised, 8 levels left

rFire  . . .     SeeInvis .     e - +0 spear
rCold  . . .     Clarity  .     a - +0 robe
rNeg   . . .     SustAt   .     (no shield)
rPois  .         Gourm    .     f - +0 hat
rElec  .         Spirit   .     (no cloak)
rCorr  .         Warding  .     (no gloves)
rMut   .         Stasis   .     (boots unavailable)
MR     .....                    (no amulet)
Stlth  ++........               (no ring)
                                j - +2 ring of protection

@: not resistant to hostile enchantments, unstealthy
A: beak, talons 3, able to fly 1
a: Fly


You were on level 3 of the Dungeon.
You were hungry.

You visited 1 branch of the dungeon, and saw 3 of its levels.

You collected 135 gold pieces.

Inventory:

Hand Weapons
 e - a +0 spear (weapon)
Armour
 a - a +0 robe (worn)
 f - a +0 hat (worn)
 n - a +2 buckler of fire resistance
Jewellery
 j - a +2 ring of protection (left hand)
Scrolls
 d - a scroll of teleportation {unknown}
 g - a scroll of magic mapping {unknown}
 h - 3 scrolls of identify {unknown}
 i - 2 scrolls of fog {unknown}
 k - a scroll of enchant weapon {unknown}
 p - a scroll of noise {unknown}
Potions
 l - a potion of degeneration
 m - a potion of heal wounds {unknown}
 o - a potion of brilliance {unknown}
Books
 b - a book of Air

   Spells                             Type                      Level
   a - Shock                          Conjuration/Air              1
   b - Swiftness                      Charms/Air                   2
   c - Repel Missiles                 Charms/Air                   2
   d - Static Discharge               Conjuration/Air              3
   e - Lightning Bolt                 Conjuration/Air              5
Comestibles
 c - 2 bread rations


   Skills:
 + Level 3.2 Dodging
 - Level 2.0 Stealth
 + Level 2.9 Spellcasting
 + Level 3.4 Conjurations
 + Level 5.2 Air Magic


You had 8 spell levels left.
You knew the following spells:

 Your Spells              Type           Power        Failure   Level  Hunger
a - Shock                 Conj/Air       ###.         3%          1    #......


Dungeon Overview and Level Annotations

Branches:
Dungeon (3/15)

Altars:
Kikubaaqudgha
Makhleb


Innate Abilities, Weirdness & Mutations

You have a beak for a mouth.
You have claws for feet.
You can fly.


Message History

The zap hits Terence.
Terence is almost dead.
The zap hits Terence.
Terence appears unharmed.
Terence is almost dead.
The zap misses you. Terence hits you with a hand axe.
* * * LOW HITPOINT WARNING * * *
Casting: Shock
Confirm with . or Enter, or press ? or * to list all spells.
Aiming: Shock
Press: ? - help, Shift-Dir - straight line, f/p - Terence
Aim: Terence, wielding a hand axe and wearing a glowing scale mail (almost dead) That beam is likely to hit you.
Continue anyway?
The zap hits Terence.
Terence is almost dead.
The zap hits Terence.
You kill Terence!
You have reached level 5!
You have gained the ability to fly.
The zap hits you!
You die...

##....8....##...##.........
......8.8............#
......
####.8._.8.....#.....#
......
#..8.8......#.##..##......
#...8.......#.##..#.......
#..........##.###.........
##..##...+#)#.............
##.######..)#####.........
#...##....#@#.............
#...##.##.#.#.####..######
#...##...<..#.# ##...#
#...#########.# #.#.######
##....<........# #.[.......
#........####### #..#######
#........# ##..# #
#........# ##..######
##.......# #...†.....


There were no monsters in sight!

Vanquished Creatures
  Terence (D:3)
  6 adders (D:2)
  An ooze (D:1)
  2 worms
  A giant gecko (D:2)
  A bat zombie (D:3)
  3 giant cockroaches
  4 goblins
  6 hobgoblins
  4 jackals
  4 quokkas
  3 bats
  3 giant newts
  3 kobolds
  6 rats
  2 rat zombies (D:3)
50 creatures vanquished.

Notes
Turn   | Place    | Note
--------------------------------------------------------------
     0 | D:1      | oplop the Tengu Air Elementalist began the quest for the Orb.
     0 | D:1      | Reached XP level 1. HP: 10/10 MP: 4/4
   141 | D:1      | Reached XP level 2. HP: 7/15 MP: 4/6
   741 | D:2      | Found a burning altar of Makhleb.
   741 | D:2      | Noticed a green death
   829 | D:2      | Reached XP level 3. HP: 11/19 MP: 3/7
  1274 | D:2      | Reached XP level 4. HP: 18/24 MP: 1/8
  1602 | D:3      | Found an ancient bone altar of Kikubaaqudgha.
  1669 | D:3      | Found a faded altar to an unknown god.
  1748 | D:3      | Noticed Terence
  1778 | D:3      | Reached skill level 5 in Air Magic
  1786 | D:3      | Killed Terence
  1786 | D:3      | Gained mutation: You can fly. [Tengu growth]
  1786 | D:3      | Reached XP level 5. HP: 3/28 MP: 0/10
  1786 | D:3      | Killed themself with a bounced zap

Action                   |  1- 3 |  4- 6 || total
-------------------------+-------+-------++-------
Melee: Spear             |    55 |    62 ||   117
 Cast: Shock             |    43 |    22 ||    65
  Use: Potion            |     3 |       ||     3
 Stab: Sleeping          |     2 |     2 ||     4
  Eat: Chunk             |     2 |     1 ||     3
